 Dungeon Crawl Stone Soup version 0.22-a0-292-g0df9d5f (webtiles) character file.

24822 b5mith the Basher (level 12, 0/112 HPs)
             Began as a Minotaur Berserker on Mar 23, 2018.
             Was the Champion of Trog.
             Killed from afar by an ice dragon (9 damage)
             ... with a blast of cold
             ... on level 13 of the Dungeon.
             The game lasted 00:51:06 (15508 turns).

b5mith the Basher (Minotaur Berserker)             Turns: 15508, Time: 00:51:06

Health: 0/112      AC: 11    Str: 25    XL:     12   Next: 84%
Magic:  3/3        EV: 17    Int:  4    God:    Trog [******]
Gold:   835        SH:  6    Dex: 12    Spells: 11/11 levels left

rFire    . . .     SeeInvis .   a - +2 great mace (antimagic)
rCold    + + .     Gourm    .   (shield currently unavailable)
rNeg     . . .     Faith    .   G - +0 ring mail of Gewov {rC+}
rPois    .         Spirit   .   (helmet restricted)
rElec    .         Reflect  +   (no cloak)
rCorr    .         Harm     .   (no gloves)
MR       .....                  (no boots)
Stlth    +.........             k - +6 amulet of reflection
HPRegen  0.28/turn              J - ring of protection from cold
MPRegen  0.08/turn              p - +4 ring of protection

@: berserk cooldown, starving, slowed, very slow
A: retaliatory headbutt, horns 2
a: Berserk, Trog's Hand, Brothers in Arms, Renounce Religion


You were on level 13 of the Dungeon.
You worshipped Trog.
Trog was exalted by your worship.
You were starving.

You visited 1 branch of the dungeon, and saw 13 of its levels.

You collected 835 gold pieces.

Inventory:

Hand Weapons
 a - a +2 antimagic great mace (weapon)
 b - a +3 fustibalus of flaming
 i - a cursed -2 short sword
 T - a +0 hunting sling
 W - a +5 morningstar of freezing
Missiles
 t - 297 stones (quivered)
 v - 56 sling bullets
Armour
 G - the +0 ring mail of Gewov (worn) {rC+}
   (You found it on level 5 of the Dungeon)

   It protects you from cold.
Jewellery
 k - a +6 amulet of reflection (around neck)
 p - a +4 ring of protection (right hand)
 y - a +3 ring of strength
 z - an uncursed amulet of regeneration
 A - an uncursed ring of fire
 C - an uncursed amulet of harm
 J - a ring of protection from cold (left hand)
 M - an uncursed amulet of the acrobat {unknown}
 O - an uncursed ring of stealth
 Y - an uncursed ring of resist corrosion {unknown}
Wands
 r - a wand of paralysis (24)
 s - a wand of digging (20)
 E - a wand of enslavement (45)
 F - a wand of random effects (42)
 H - a wand of flame (104)
 L - a wand of acid (23)
 Q - a wand of disintegration (7)
Scrolls
 d - 3 scrolls of immolation
 e - 5 scrolls of magic mapping
 g - 2 scrolls of teleportation
 h - 8 scrolls of remove curse {@r2}
 m - a scroll of blinking {unknown}
 q - 2 scrolls of enchant armour
 u - a scroll of noise {unknown}
 x - a scroll of identify {@r1}
 B - 2 scrolls of fear
 D - 3 scrolls of enchant weapon
 P - a scroll of acquirement {unknown}
 V - a scroll of amnesia {unknown}
 X - a scroll of brand weapon {unknown}
Potions
 f - 4 potions of berserk rage
 l - 2 potions of magic {unknown}
 n - 7 potions of curing {@q1}
 o - a potion of mutation {unknown}
 w - a potion of flight {unknown}
 I - 2 potions of degeneration {unknown}
 K - 3 potions of agility
 N - 2 potions of ambrosia {unknown}
 R - a potion of invisibility {unknown}
 S - a potion of lignification {unknown}
 U - 2 potions of brilliance {unknown}
 Z - a potion of haste {unknown}
Comestibles
 c - 36 rations


   Skills:
 + Level 11.8 Fighting
   Level 4.3 Long Blades
 * Level 14.0 Maces & Flails
 - Level 8.1 Slings
 + Level 11.6 Armour
 + Level 10.6 Dodging


You had 11 spell levels left.
You didn't know any spells.

Dungeon Overview and Level Annotations

Branches:
Dungeon (13/15)            Temple (0/1) D:7            Lair (0/6) D:9
    Orc (0/2) D:12
 Vaults: D:13-14

Altars:
Ashenzari
Cheibriados
Dithmenos
Elyvilon
Gozag
Hepliaklqana
Nemelex Xobeh
Sif Muna
Uskayaw
Yredelemnul
The Shining One

Shops:
D:4 (   D:12 *

Annotations:
D:13 1 runed door


Innate Abilities, Weirdness & Mutations

You reflexively headbutt those who attack you in melee.
You have a pair of horns on your head.


Message History

The fire dragon is almost dead.
You block the fire dragon's attack. The fire dragon claws you!
* * * LOW HITPOINT WARNING * * *
The fire dragon tramples you but does no damage.
You sock the fire dragon!
You kill the fire dragon!
Trog accepts your kill.
Your Maces & Flails skill increases to level 14!
You are no longer berserk.
You are exhausted.
You feel yourself slow down. The ice dragon closely misses you.
The ice dragon claws you but does no damage.
The ice dragon tramples you.
* * * LOW HITPOINT WARNING * * *
You stumble backwards!
You see here a fire dragon corpse.
The ice dragon breathes frost at you.
The blast of cold hits the ice dragon.
The ice dragon resists.
The blast of cold hits you! You resist.
You die...

#..........#≈≈#....#........
#########'.#§≈#..⌠.#..######
#..####....#..####
######..#...[...#.....#
#.......#....####..##.#
##.#####.#.⌠!.#≈≈#..##.# ##
#........#....#≈≈#..##.# .#
#........####'####..##.# .#
#####........@D.D......###.##
.###...........############ #..##
.....###.......# ##..# .#####
####.#### ##.# ## #...# #.# ###.#
#.# #.# #.# ####### ####.#######
#.#
...#..####..#.....#.###########.#


You could see 2 ice dragons.

Vanquished Creatures
  2 fire dragons (D:13)
  A hydra (D:12)
  5 two-headed ogres
  An unseen horror (D:13)
  A wolf spider zombie (D:13)
  3 ugly things
  A manticore (D:12)
  3 cyclopes
  2 centaur zombies
  A gargoyle (D:13)
  5 orange demons (D:11)
  2 kobold demonologists (D:13)
  2 trolls
  2 red devils (D:11)
  Grinder (D:4)
  2 slime creatures
  3 hippogriffs
  A vampire (D:11)
  2 wyverns
  26 yaks
  A wraith (D:13)
  3 hungry ghosts
  2 soldier ants
  An acid dragon (D:13)
  2 hell hounds (D:9)
  Duvessa (D:7)
  Edmund (D:4)
  An orc warrior (D:13)
  6 sky beasts
  A black bear (D:9)
  A necrophage (D:9)
  An ogre (D:7)
  A phantom (D:12)
  4 centaurs
  3 crocodiles
  4 big kobolds
  9 bullfrogs
  A wyvern zombie (D:13)
  Dowan (D:7)
  A wyvern skeleton (D:11)
  2 scorpions
  16 killer bees
  3 wights (D:9)
  5 howler monkeys
  5 crimson imps
  A bullfrog zombie (D:5)
  A quasit (D:7)
  2 centaur skeletons
  8 hounds
  8 orc wizards
  An orc priest (D:11)
  2 bullfrog skeletons
  4 jellies
  3 iguanas
  Ijyb (D:5)
  8 worker ants
  A hound skeleton (D:11)
  Robin (D:3)
  A howler monkey skeleton (D:11)
  4 gnolls (D:4)
  6 adders
  3 shadow imps
  An ooze (D:6)
  An adder zombie (D:9)
  3 worms
  4 dart slugs
  6 leopard geckos
  33 orcs
  9 bats
  3 giant cockroaches
  16 goblins
  9 hobgoblins
  11 jackals
  27 kobolds
  5 quokkas
  A ball python (D:8)
  7 frilled lizards
  A quokka skeleton (D:5)
  9 rats
343 creatures vanquished.

Vanquished Creatures (others)
  A cyclops (D:12)
1 creature vanquished.

Grand Total: 344 creatures vanquished

Notes
Turn   | Place    | Note
-------+----------+-------------------------------------------
     0 | D:1      | b5mith the Minotaur Berserker began the quest for the Orb.
     0 | D:1      | Reached XP level 1. HP: 19/19 MP: 0/0
   119 | D:1      | Reached XP level 2. HP: 27/27 MP: 1/1
   273 | D:1      | Reached ** piety under Trog
   487 | D:2      | Reached XP level 3. HP: 33/33 MP: 2/2
   698 | D:2      | Found a faded altar of an unknown god.
   917 | D:2      | Found a deep blue altar of Sif Muna.
  1306 | D:3      | Reached XP level 4. HP: 28/40 MP: 3/3
  1469 | D:3      | Noticed Robin
  1481 | D:3      | Reached *** piety under Trog
  1487 | D:3      | Killed Robin
  1703 | D:3      | Reached skill level 1 in Maces & Flails
  1742 | D:3      | Reached skill level 1 in Slings
  1770 | D:3      | Found a snail-covered altar of Cheibriados.
  2136 | D:3      | Found a glowing golden altar of the Shining One.
  2179 | D:3      | Reached XP level 5. HP: 47/47 MP: 4/4
  2282 | D:3      | Found a shattered altar of Ashenzari.
  2671 | D:4      | Noticed Edmund
  2683 | D:4      | Killed Edmund
  2683 | D:4      | Reached skill level 2 in Maces & Flails
  2683 | D:4      | Reached XP level 6. HP: 43/55 MP: 5/5
  2775 | D:4      | Reached skill level 5 in Fighting
  2821 | D:4      | Noticed Grinder
  2837 | D:4      | Killed Grinder
  2837 | D:4      | Reached skill level 3 in Maces & Flails
  2837 | D:4      | Reached XP level 7. HP: 27/61 MP: 6/6
  3278 | D:4      | Reached **** piety under Trog
  3375 | D:4      | Reached skill level 5 in Armour
  3451 | D:4      | Found Toerry's Antique Weapon Shop.
  3504 | D:4      | Found a white marble altar of Elyvilon.
  3570 | D:4      | Found a sparkling altar of Nemelex Xobeh.
  3650 | D:5      | Entered Level 5 of the Dungeon
  3927 | D:5      | Reached skill level 4 in Maces & Flails
  4302 | D:5      | Noticed Ijyb
  4317 | D:5      | Killed Ijyb
  4328 | D:5      | Got a slimy ring mail
  4339 | D:5      | Identified the cursed +0 ring mail of Gewov {rC+} (You found it on level 5 of the Dungeon)
  4489 | D:5      | Found an opulent altar of Gozag.
  4491 | D:5      | Found a basalt altar of Yredelemnul.
  4612 | D:5      | Reached skill level 5 in Dodging
  5033 | D:6      | Reached XP level 8. HP: 70/70 MP: 7/7
  5044 | D:6      | Found a hazy altar of Hepliaklqana.
  5965 | D:7      | Found a staircase to the Ecumenical Temple.
  6033 | D:7      | Noticed Dowan
  6035 | D:7      | Noticed Duvessa
  6055 | D:8      | Reached skill level 5 in Maces & Flails
  6234 | D:7      | Killed Duvessa
  6246 | D:7      | Killed Dowan
  6511 | D:7      | Reached skill level 5 in Slings
  6597 | D:8      | Reached XP level 9. HP: 49/79 MP: 8/8
  6667 | D:8      | Reached skill level 6 in Maces & Flails
  7015 | D:8      | Found a hide-covered altar of Uskayaw.
  7175 | D:8      | Reached ***** piety under Trog
  7401 | D:9      | Received a gift from Trog
  7401 | D:9      | Reached skill level 7 in Maces & Flails
  7710 | D:9      | Found a staircase to the Lair.
  7781 | D:9      | Noticed a two-headed ogre
  7786 | D:9      | Killed a two-headed ogre
  7786 | D:9      | Reached skill level 8 in Maces & Flails
  7786 | D:9      | Reached XP level 10. HP: 60/89 MP: 9/9
  9888 | D:10     | Entered Level 10 of the Dungeon
  9899 | D:9      | Reached skill level 9 in Maces & Flails
 10180 | D:10     | Noticed a two-headed ogre
 10186 | D:10     | Killed a two-headed ogre
 10525 | D:10     | Reached skill level 10 in Maces & Flails
 10535 | D:10     | Received a gift from Trog
 10613 | D:10     | Found a shadowy altar of Dithmenos.
 10963 | D:11     | Reached XP level 11. HP: 88/96 MP: 10/10
 10970 | D:11     | Noticed a two-headed ogre
 10975 | D:11     | Killed a two-headed ogre
 10999 | D:11     | Received a gift from Trog
 11372 | D:11     | Reached skill level 10 in Fighting
 11372 | D:11     | Reached skill level 11 in Maces & Flails
 11845 | D:11     | Noticed a white ugly thing
 11851 | D:11     | Killed a white ugly thing
 11862 | D:11     | Reached skill level 10 in Armour
 11998 | D:11     | Got an amethyst-studded ring mail
 12009 | D:11     | Identified the +0 ring mail "Ustu" {rC++ Str-5 Int+5} (You found it on level 11 of the Dungeon)
 12575 | D:12     | Noticed a four-headed hydra
 12703 | D:12     | Reached skill level 12 in Maces & Flails
 12728 | D:12     | Found Moargh's Assorted Antiques.
 12769 | D:12     | Found a staircase to the Orcish Mines.
 12840 | D:12     | Killed a four-headed hydra
 13007 | D:12     | Noticed a white ugly thing
 13022 | D:12     | Killed a white ugly thing
 13022 | D:12     | Reached XP level 12. HP: 108/108 MP: 3/11
 13081 | D:12     | Noticed a two-headed ogre
 13085 | D:12     | Killed a two-headed ogre
 13951 | D:13     | Noticed a two-headed ogre
 13968 | D:13     | Killed a two-headed ogre
 13968 | D:13     | Reached skill level 10 in Dodging
 14162 | D:13     | Reached skill level 13 in Maces & Flails
 14439 | D:13     | Reached ****** piety under Trog
 14637 | D:13     | Received a gift from Trog
 14903 | D:13     | Received a gift from Trog
 15265 | D:13     | Noticed a fire dragon
 15268 | D:13     | Noticed an ice dragon
 15268 | D:13     | Found a runed door.
 15268 | D:13     | Noticed an ice dragon
 15269 | D:13     | Found the +2 shield of Resistance {rF+ rC+ MR+}
 15269 | D:13     | Found a runed door.
 15274 | D:13     | Noticed a fire dragon
 15494 | D:13     | Killed a fire dragon
 15506 | D:13     | Killed a fire dragon
 15506 | D:13     | Reached skill level 14 in Maces & Flails
 15508 | D:13     | Killed from afar by an ice dragon

Vault maps used:
D:1:      lightli_arrival_chessboard
D:2:      chequers_ecumenical_altar_grove, first_ration, lemuel_blue_sif_altar
D:3:      lemuel_round_altar, kennysheep_slug_shrine, lemuel_round_altar,
          uniq_robin
D:4:      overflow_temple_1_default, serial_shops, shop, st_stairs_13,
          nemelex_spade_bored_becter, uniq_edmund, uniq_grinder
D:5:      minitemple, corexii_checkpoint_a, uniq_ijyb
D:6:      lemuel_coloured_pillars_altar
D:7:      temple_doors_e, uniq_duvessa
D:8:      eat_drink_and_be_merry_uskayaw, blue_anna_alchemist
D:9:      minmay_lair_entry_lava
D:10:     basic_altar
D:11:     minmay_beelzebubs_servants
D:12:     orc_0_dummy, serial_shops, nicolae_shop_crystal
D:13:     hangedman_glass_teeth, minivault_10, minmay_guarded_unrand_resistance

Skill      XL: |  1  2  3  4  5  6  7  8  9 10 11 12 |
---------------+-------------------------------------+-----
Long Blades    | 4 |  4.3
Fighting       | 4 5 6 7 8 9 10 11 | 11.8
Armour         | 3 4 5 6 7 9 10 11 | 11.6
Dodging        | 3 4 5 6 7 8 9 10 | 10.6
Maces & Flails | 1 2 3 4 5 8 10 12 14 | 14.0
Slings         | 1 2 3 5 6 7 8 |  8.1

Action                   |  1- 3 |  4- 6 |  7- 9 | 10-12 || total
-------------------------+-------+-------+-------+-------++-------
Melee: Falchion          |    83 |       |       |       ||    83
       Headbutt          |     7 |    16 |    16 |   104 ||   143
       Flail             |       |    63 |       |       ||    63
       Dire flail        |       |    13 |   141 |       ||   154
       Morningstar       |       |       |     4 |   136 ||   140
       Great mace        |       |       |       |   282 ||   282
       Fustibalus        |       |       |       |     1 ||     1
 Fire: Hunting sling     |       |    52 |   127 |   207 ||   386
       Fustibalus        |       |       |       |     2 ||     2
Invok: Berserk           |       |     2 |       |     4 ||     6
Evoke: Wand              |       |       |       |     2 ||     2
  Use: Scroll            |       |     2 |     7 |     7 ||    16
       Potion            |       |       |       |     2 ||     2
  Eat: Chunk             |     1 |     6 |     9 |    16 ||    32
       Ration            |       |       |     2 |     4 ||     6
Armor: Animal skin       |     4 |       |       |       ||     4
       Ring mail         |    21 |    21 |    53 |   119 ||   214
Dodge: Dodged            |    49 |    49 |   137 |   298 ||   533
Block: Buckler           |     3 |    13 |       |       ||    16
       Other             |       |       |       |    99 ||    99
       Reflection        |       |       |       |     4 ||     4
       Rpst.: Falchion   |    10 |       |       |       ||    10

Table legend:
 A = Spawn XP
 B = Non-spawn XP
 C = Spawn XP percentage of total XP
 D = Spawn monster count
 E = Non-spawn monster count
 F = Spawn count percentage of total count
 G = Total turns spent on level
                    A         B        C        D         E        F      G
               +---------+---------+-------+---------+---------+-------+---------
         Total |       0 |   35461 |   0.0 |       0 |     344 |   0.0 | 15508
               +---------+---------+-------+---------+---------+-------+---------
           D:1 |       0 |      40 |   0.0 |       0 |      23 |   0.0 |   478
           D:2 |       0 |      44 |   0.0 |       0 |      16 |   0.0 |   798
           D:3 |       0 |     117 |   0.0 |       0 |      41 |   0.0 |  1138
           D:4 |       0 |     826 |   0.0 |       0 |      31 |   0.0 |  1236
           D:5 |       0 |     298 |   0.0 |       0 |      15 |   0.0 |  1127
           D:6 |       0 |     246 |   0.0 |       0 |       6 |   0.0 |   874
           D:7 |       0 |     811 |   0.0 |       0 |      15 |   0.0 |   702
           D:8 |       0 |    1334 |   0.0 |       0 |      20 |   0.0 |  1381
           D:9 |       0 |    3826 |   0.0 |       0 |      33 |   0.0 |  2419
          D:10 |       0 |    3094 |   0.0 |       0 |      22 |   0.0 |   656
          D:11 |       0 |    8441 |   0.0 |       0 |      50 |   0.0 |  1797
          D:12 |       0 |    6433 |   0.0 |       0 |      28 |   0.0 |  1341
          D:13 |       0 |    9951 |   0.0 |       0 |      44 |   0.0 |  1561
               +---------+---------+-------+---------+---------+-------+---------
